 Dungeon Crawl Stone Soup version 0.21.1-1-g345015fe64 (webtiles) character file.

21 Jens78 the Insei (level 2, 0/18 HPs)
             Began as an Octopode Transmuter on June 6, 2018.
             Slain by a goblin
             ... wielding a +0 dagger
              (4 damage)
             ... on level 1 of the Dungeon.
             The game lasted 00:04:27 (486 turns).

Jens78 the Insei (Octopode Transmuter)               Turns: 486, Time: 00:04:27

Health: 0/18       AC:  1    Str:  9    XL:     2   Next: 87%
Magic:  5/5        EV: 13    Int: 15    God:
Gold:   0          SH:  0    Dex: 12    Spells: 4/5 levels left

rFire    . . .     SeeInvis .     - Unarmed
rCold    . . .     Gourm    .   (no shield)
rNeg     . . .     Faith    .   (helmet restricted)
rPois    .         Spirit   .   (no amulet)
rElec    .         Reflect  .   (no ring)
rCorr    .         Harm     .   (no ring)
MR       .....                  (no ring)
Stlth    ++........             (no ring)
HPRegen  0.06/turn              (no ring)
MPRegen  0.09/turn              (no ring)
                                (no ring)
                                (no ring)

@: appendage (expiring)
A: almost no armour, stealthy swim, amphibious, 8 rings, constrict 8, tentacle
spike 3, camouflage 1, gelatinous body 1
a: End Transformation


You were on level 1 of the Dungeon.
You were not hungry.
One of your tentacles had a temporary spike.
You visited 1 branch of the dungeon, and saw 2 of its levels.

Inventory:

Missiles
 a - 12 arrows
 f - 5 stones (quivered)
Scrolls
 g - a scroll of identify {unknown}
Potions
 e - a potion of might {unknown}
 h - a potion of lignification {unknown}
 i - a potion of heal wounds {unknown}
Books
 b - a book of Changes

   Spells                             Type                      Level
   a - Beastly Appendage              Transmutation                1
   b - Sticks to Snakes               Transmutation                2
   c - Spider Form                    Transmutation/Poison         3
   d - Ice Form                       Ice/Transmutation            4
   e - Blade Hands                    Transmutation                5
Comestibles
 c - 4 rations
 d - 5 chunks of flesh


   Skills:
 + Level 1.0 Fighting
 + Level 2.2 Dodging
 + Level 0.2 Stealth
 + Level 3.4 Unarmed Combat
 + Level 2.3 Spellcasting
 + Level 2.2 Transmutations


You had 4 spell levels left.
You knew the following spells:

 Your Spells              Type           Power        Failure   Level  Hunger
a - Beastly Appendage     Tmut           #.....       9%          1    #......


Dungeon Overview and Level Annotations

Branches:
Dungeon (2/15)

Altars:


Innate Abilities, Weirdness & Mutations

You cannot wear most types of armour.
You are very stealthy in the water. (Stealth+)
You are amphibious.
You can wear up to eight rings at the same time.
You can use your tentacles to constrict eight enemies at once.
Your skin changes colour to match your surroundings (Stealth+).
Your rubbery body absorbs attacks. (AC +1, EV +1)
One of your tentacles bears a large vicious spike.


Message History

Your tentacle-slap misses the goblin.
Your squeeze misses the goblin. The goblin hits you.
You tentacle-slap the goblin.
You kill the goblin!
You tentacle-slap the dart slug. You grab the dart slug.
You squeeze the dart slug.
The dart slug is severely wounded.
You constrict the dart slug. The dart slug launches a dart at you.
The slug dart misses you.
You tentacle-slap the dart slug but do no damage.
The dart slug is almost dead.
You constrict the dart slug. The dart slug barely misses you.
You tentacle-slap the dart slug.
You kill the dart slug!
The goblin hits you with a dagger.
* * * LOW HITPOINT WARNING * * *
You closely miss the goblin. Your grab misses the goblin.
The goblin hits you with a dagger.
You die...

#..#.############.# ###
##.#.#............#
...#....#.####.......#
#.#..>.#.# #.......#
#...#....# #.......#
###.#....#######......#
#...............####..#
#.#...#g#.#####. #..# #
##..)@†....##. #..#
#.....#.#....# ....
#.....#.###### .####
#.##. ..# . #. +. ...
#. # ..## ##


You could see a goblin.

Vanquished Creatures
  2 dart slugs (D:1)
  A bat (D:1)
  2 giant cockroaches (D:1)
  3 goblins
  A hobgoblin (D:2)
  4 kobolds
  A frilled lizard (D:1)
  2 rats (D:1)
16 creatures vanquished.

Notes
Turn   | Place    | Note
-------+----------+-------------------------------------------
     0 | D:1      | Jens78 the Octopode Transmuter began the quest for the Orb.
     0 | D:1      | Reached XP level 1. HP: 13/13 MP: 3/3
   192 | D:1      | Reached XP level 2. HP: 18/18 MP: 3/5
   486 | D:1      | Slain by a goblin

Action                   || total
-------------------------++-------
Melee: Unarmed           ||    37
       Constrict         ||    12
       Kick              ||     9
       Tentacles         ||     4
Throw: Stone             ||    16
 Cast: Beastly Appendage ||     7
 Stab: Sleeping          ||     2
Armor: Skin              ||     4
Dodge: Dodged            ||    24
